 Dungeon Crawl Stone Soup version 0.31-a0-506-g3d79149578 (webtiles) character file.

Game seed: 457991057492421780

94 Ethylacetat the Ducker (level 4, -2/30 HPs)
             Began as an Octopode Gladiator on Aug 9, 2023.
             Was an Initiate of Gozag.
             Slain by a small abomination (18 damage)
             ... created by the touch of Lugonu
             ... on level 3 of the Dungeon.
             The game lasted 00:04:56 (1548 turns).

Ethylacetat the Ducker (Octopode Gladiator)         Turns: 1548, Time: 00:04:58

Health: -2/30      AC:  1    Str: 19    XL:     4   Next: 63%
Magic:  4/4        EV: 14    Int: 10    God:    Gozag
Gold:   28         SH:  4    Dex: 15    Spells: 3/3 levels left

rFire   . . .        g - +0 mace (protect)
rCold   . . .        h - +0 buckler
rNeg    . . .        b - +0 hat
rPois   .            (no amulet)
rElec   .            i - ring of flight
rCorr   .            m - +6 ring of strength
SInv    .            (no ring)
Will    .....        (no ring)
Stlth   +++          (no ring)
HPRegen 0.25/turn    (no ring)
MPRegen 0.09/turn    (no ring)
                     (no ring)

%: no passive effects
@: flying
A: almost no armour, amphibious, 8 rings, camouflage 1, gelatinous body 1,
(nimble swimmer 1), tentacles
a: Renounce Religion, Potion Petition, Call Merchant, Bribe Branch


You were on level 3 of the Dungeon.
You worshipped Gozag.
Gozag was noncommittal.
You visited 1 branch of the dungeon, and saw 3 of its levels.

You collected 65 gold pieces.
You paid 37 gold pieces to Gozag.

Inventory:

Hand Weapons
 a - a +0 long sword
 g - a +0 mace of protection (weapon)
Missiles
 c - 3 throwing nets (quivered)
 d - 7 javelins
Armour
 b - a +0 hat (worn)
 h - a +0 buckler (worn)
Jewellery
 i - a ring of flight (left tentacle)
 m - a +6 ring of strength (right tentacle)
Scrolls
 j - a scroll of poison {unknown}
 l - a scroll of vulnerability {unknown}
 n - a scroll of summoning {unknown}
 o - a scroll of enchant weapon {unknown}
 p - a scroll of noise {unknown}
Potions
 e - 2 potions of curing {unknown}
 f - 2 potions of degeneration {unknown}
 k - a potion of haste {unknown}
 q - a potion of heal wounds {unknown}


   Skills:
 + Level 2.7 Fighting
 + Level 3.5 Long Blades
 - Level 2.0 Throwing
 + Level 3.5 Dodging
 + Level 2.5 Stealth
 + Level 1.3 Shields


You had 3 spell levels left.
You didn't know any spells.
Your spell library was empty.

Dungeon Overview and Level Annotations

Branches:
Dungeon (3/15)

Altars:
Gozag
Ru
Uskayaw
Lugonu


Innate Abilities, Weirdness & Mutations

You cannot wear most types of armour.
You are amphibious.
You can wear up to eight rings at the same time.
Your skin changes colour to match your surroundings (Stealth+).
Your rubbery body absorbs attacks. (AC +1, EV +1)
((You are camouflaged when in or above water. (Stealth+)))
You have tentacles for arms and can constrict up to eight enemies at once.


Message History

The adder poisons you! The adder bites you but does no damage.
You miss the adder. You grab the adder.
The adder is moderately wounded.
You constrict the adder.
You feel sick. The adder barely misses you.
The adder bites you but does no damage.
You hit the adder.
The adder is severely wounded.
You constrict the adder!
You kill the adder!
You feel sick.
You feel sick.
You feel sick.
You feel sick.
You are no longer poisoned.
There is an opulent altar of Gozag here.
You hover solemnly before the altar of Gozag.
Gozag welcomes you!
You pay a service fee of 37 gold.
Unknown command.
Press < or > to pray at altars.
You hear the slow rusting of a very distant drain.
Lugonu sends minions to punish you. The divine experience confuses you!
You are confused.
A small abomination comes into view.
A small abomination is nearby!
A small abomination is nearby!
You sock the small abomination!
Your weapon exudes an aura of protection.
The small abomination is moderately damaged.
The small abomination hits you. The small abomination hits you!
The small abomination attacks as you move away!
The small abomination misses you.
You miss the small abomination.
The small abomination is moderately damaged.
You feel less confused. The small abomination hits you!!
Ouch! That really hurt!
You die...
Your body crumbles into a pile of gold.

######.# ....... ...
#....# ...#. #....#
..... #....#
.....##....###
#...........####
#.#.#####.#†...#######
.#.#...)@..#....'.....#
...#.#..x#.#....#####.#
...#.#._.#.#......# #.#
##.#.#...#.#......# #.#
#.#.......#......# #.#
#.#.#####.#......# #.#
#................# #.#
######..####.....# #.#
#....... .###...###.###


You could see a small abomination.

Vanquished Creatures
  3 adders
  A worm (D:2)
  A dart slug (D:1)
  5 endoplasms
  3 giant cockroaches (D:2)
  4 goblins
  5 hobgoblins
  6 jackals (D:1)
  3 quokkas (D:1)
  5 ball pythons (D:1)
  11 bats
  3 frilled lizards
  5 kobolds
  2 rats (D:3)
57 creatures vanquished.

Notes
Turn   | Place    | Note
-------+----------+-------------------------------------------
     0 | D:1      | Ethylacetat the Octopode Gladiator began the quest for the
                  | Orb.
     0 | D:1      | Reached XP level 1. HP: 14/14 MP: 1/1
   150 | D:1      | Reached skill level 1 in Stealth
   150 | D:1      | Reached XP level 2. HP: 18/19 MP: 2/2
   390 | D:1      | Reached XP level 3. HP: 25/25 MP: 3/3
   844 | D:2      | Found a sacrificial altar of Ru.
   858 | D:2      | Reached skill level 1 in Shields
   933 | D:2      | Found a faded altar of an unknown god.
   991 | D:2      | Prayed at the altar of an unknown god.
   991 | D:2      | Became a worshipper of Lugonu the Unformed
   991 | D:2      | Reached * piety under Lugonu
   992 | D:2      | Fell from the grace of Lugonu
  1032 | D:2      | Reached XP level 4. HP: 30/30 MP: 4/4
  1380 | D:3      | Noticed a +0 spear
  1380 | D:3      | Noticed a +0 spear
  1381 | D:3      | Noticed a +0 short sword
  1381 | D:3      | Noticed a +0 short sword
  1382 | D:3      | Noticed a +0 falchion
  1383 | D:3      | Noticed a +0 dagger
  1383 | D:3      | Noticed a +0 falchion
  1383 | D:3      | Noticed a +0 dagger
  1385 | D:3      | Found a hide-covered altar of Uskayaw.
  1459 | D:3      | Found an opulent altar of Gozag.
  1478 | D:3      | Became a worshipper of Gozag Ym Sagoz the Greedy
  1544 | D:3      | Noticed a small abomination
  1548 | D:3      | Slain by a small abomination

Illustrated notes

Levels and vault maps discovered:
D:1:      moated_graveyard_arrival, layout_loops_ring
D:2:      layout_loops_ring, shapermc_ecumenical_altar_venn, basic_altar
D:3:      layout_basic, nicolae_uskayaw_en_pointe,
          mainiacjoe_overflow_cross_hatched, gup_sewer_entry_spiral,
          serial_shops, shop, grunt_decor_resistance, uniq_natasha

Skill      XL: |  1  2  3 |
---------------+----------+-----
Stealth        | 1 2 |  2.5
Shields        | 1 |  1.3
Fighting       | |  2.7
Long Blades    | |  3.5
Throwing       | |  2.0
Dodging        | |  3.5

Action                     |  1- 3 |  4- 6 || total
---------------------------+-------+-------++-------
  Melee: Long sword        |     9 |       ||     9
         Mace              |    70 |    28 ||    98
         Constrict         |    25 |     9 ||    34
         Tentacles         |    15 |     7 ||    22
         Punch             |     1 |       ||     1
 Invoke: Renounce Religion |     1 |       ||     1
   Stab: Sleeping          |     6 |     3 ||     9
 Armour: Skin              |    20 |     7 ||    27
  Dodge: Dodged            |    51 |    19 ||    70
  Block: Buckler           |    20 |     2 ||    22

Table legend: (Time is in decaauts)
 A = Elapsed time spent in this place.
 B = Non-inter-level travel time spent in this place.
 C = Inter-level travel time spent in this place.
 D = Time resting spent in this place.
 E = Time spent auto-exploring this place.
 F = Levels seen in this place.
 G = Mean time per level.
                   A        B        C        D        E       F      G
               +--------+--------+--------+--------+--------+-----+--------+
         Total |   1590 |   1510 |     80 |      0 |   1123 |   3 |  530.0 |
       Dungeon |   1590 |   1510 |     80 |      0 |   1123 |   3 |  530.0 |
               +--------+--------+--------+--------+--------+-----+--------+

Top non-repeatable levels by time:
     D:1: 809 daAuts
     D:2: 598 daAuts
     D:3: 182 daAuts
